 Dungeon Crawl Stone Soup version 0.18-a0-1577-gf591c28 (webtiles) character file.

102 Ratboiler the Covert (level 4, -1/22 HPs)
             Began as a Spriggan Assassin on Mar 19, 2016.
             Was an Initiate of Trog.
             Slain by a giant frog (5 damage)
             ... on level 9 of the Dungeon.
             The game lasted 00:13:46 (3042 turns).

Ratboiler the Covert (Spriggan Assassin)            Turns: 3042, Time: 00:13:47

Health: -1/22      AC:  3    Str:  7    XL:     4   Next: 50%
Magic:  5/5        EV: 17    Int: 12    God:    Trog [......]
Gold:   102        SH:  0    Dex: 18    Spells: 0 memorised, 3 levels left

rFire  . . .     SeeInvis +     a - +2 dagger (vamp)
rCold  . . .     Gourm    .     c - +0 robe
rNeg   . . .     Faith    .     (shield restricted)
rPois  .         Spirit   .     (helmet restricted)
rElec  .         Dismiss  +     d - +0 cloak
rCorr  .         Reflect  .     (gloves unavailable)
SustAt .         Harm     .     (boots unavailable)
MR     .....                    x - amulet of dismissal
Stlth  +++++.....               (no ring)
                                l - ring of see invisible

@: about to teleport, very quick, not resistant to hostile enchantments, quite
stealthy
A: unfitting armour, see invisible, herbivore 3, speed 3, slow metabolism 2
a: Burn Spellbooks, Renounce Religion


You were on level 9 of the Dungeon.
You worshipped Trog.
Trog was noncommittal.
You were not hungry.

You visited 1 branch of the dungeon, and saw 11 of its levels.

You collected 102 gold pieces.

Inventory:

Hand Weapons
 a - a +2 vampiric dagger (weapon)
 b - a +0 blowgun
Missiles
 e - 8 poisoned needles
 f - 2 curare-tipped needles
Armour
 c - a +0 robe (worn)
 d - a +0 cloak (worn)
 o - a storm dragon hide
Jewellery
 l - a ring of see invisible (left hand)
 x - an amulet of dismissal (around neck)
Wands
 v - a wand of digging (0/24)
 w - a wand of disintegration (0/24)
 y - a wand of iceblast (7/15)
 D - a wand of lightning (6/15)
Scrolls
 k - 2 scrolls of remove curse
 n - a scroll of teleportation
 z - a scroll of amnesia
 B - a scroll of immolation {unknown}
 C - a scroll of fog {unknown}
 E - a scroll of blinking {unknown}
Potions
 h - a potion of agility
 i - 2 potions of brilliance
 j - a potion of might {unknown}
 p - a potion of flight
 q - 2 potions of heal wounds {unknown}
 t - a potion of haste {unknown}
Books
 m - a book of Necromancy

   Spells                             Type                      Level
   a - Pain                           Necromancy                   1
   b - Animate Skeleton               Necromancy                   1
   c - Vampiric Draining              Necromancy                   3
   d - Regeneration                   Charms/Necromancy            3
   e - Animate Dead                   Necromancy                   4
   f - Control Undead                 Necromancy                   4
   Trog disapproves of the use of such an item.
 A - a book of the Tempests

   Spells                             Type                      Level
   a - Static Discharge               Conjuration/Air              3
   b - Lightning Bolt                 Conjuration/Air              5
   c - Fireball                       Conjuration/Fire             5
   d - Tornado                        Air                          9
   e - Shatter                        Earth                        9
   Trog disapproves of the use of such an item.
Comestibles
 g - a bread ration
 r - 3 fruits


   Skills:
 - Level 1.5 Fighting
 - Level 2.1 Short Blades
 - Level 2.0 Throwing
 - Level 1.5 Dodging
 + Level 9.1 Stealth


You had 3 spell levels left.
You didn't know any spells.

Dungeon Overview and Level Annotations

Branches:
Dungeon (11/15)            Temple (0/1) D:5             Orc (0/2) D:10
   Lair: D:8-11

Altars:
Fedhas
Gozag
Nemelex Xobeh
Okawaru
Sif Muna
Trog
Yredelemnul
The Shining One

Shops:
D:6 (

Portals:
Ice
Cave: D:11

Annotations:
D:2 Sigmund
D:3 4thArraOfDagon's ghost, weakling VSFi
D:5 Prince Ribbit
D:8 Psyche
D:10 Snorg


Innate Abilities, Weirdness & Mutations

You are tiny and cannot use many weapons and most armour.
You have supernaturally acute eyesight.
You are a herbivore.
You cover ground extremely quickly.
You need consume almost no food.


Message History

A giant frog comes into view.
The yak gores you!
* * * LOW HITPOINT WARNING * * *
There is an open door, spattered with blood here.
A crimson imp comes into view.
You see here 13 gold pieces.
Read which item? (? for menu, Esc to quit)
As you read the scroll of teleportation, it crumbles to dust.
You feel strangely unstable. The giant frog misses you.
You hit the giant frog.
The giant frog is lightly wounded.
The giant frog barely misses you.
You closely miss the giant frog.
The giant frog is lightly wounded.
The giant frog completely misses you.
You hit the giant frog.
You feel better.
The giant frog is moderately wounded.
The giant frog completely misses you. The giant frog hits you.
You die...

#. #.. #..##
#.... #.....
###
......####@#
........YF.#
..####Y#Y.#
#..Y.#.....
#..Y>#.......
#....#........
#....#........
#(.###.....5..
### .........


You could see 4 yaks and a giant frog.

Vanquished Creatures
  A giant frog (D:8)
  2 adders (D:4)
  An adder skeleton (D:5)
  A giant gecko (D:3)
  A bat (D:3)
  2 goblins
  A hobgoblin (D:1)
  2 jackals (D:4)
  3 quokkas
  3 giant newts
  A kobold (D:3)
  A rat (D:3)
19 creatures vanquished.

Vanquished Creatures (others)
  A bush (D:10)
1 creature vanquished.

Grand Total: 20 creatures vanquished

Notes
Turn   | Place    | Note
--------------------------------------------------------------
     0 | D:1      | Ratboiler the Spriggan Assassin began the quest for the Orb.
     0 | D:1      | Reached XP level 1. HP: 10/10 MP: 2/2
    15 | D:1      | Reached skill level 6 in Stealth
   116 | D:2      | Found a glowing golden altar of the Shining One.
   160 | D:2      | Noticed Sigmund
   248 | D:3      | Noticed 4thArraOfDagon's ghost (weakling VSFi)
   304 | D:3      | Reached XP level 2. HP: 12/14 MP: 3/3
   394 | D:4      | Reached skill level 7 in Stealth
   427 | D:4      | Found a glowing golden altar of the Shining One.
   429 | D:4      | Found an opulent altar of Gozag.
   432 | D:4      | Found a basalt altar of Yredelemnul.
   440 | D:4      | Found a deep blue altar of Sif Muna.
   585 | D:4      | Found a bloodstained altar of Trog.
   590 | D:4      | Became a worshipper of Trog the Wrathful
   699 | D:3      | Reached XP level 3. HP: 18/18 MP: 4/4
   769 | D:5      | Entered Level 5 of the Dungeon
   792 | D:5      | Found an iron altar of Okawaru.
   807 | D:6      | Found Wudwust's Antique Weapon Boutique.
   951 | D:5      | Found a staircase to the Ecumenical Temple.
  1033 | D:5      | Found a sparkling altar of Nemelex Xobeh.
  1431 | D:5      | Noticed Prince Ribbit
  1490 | D:6      | Noticed a sky beast
  1523 | D:7      | Noticed a hungry ghost
  1544 | D:6      | Noticed a black bear
  1632 | D:8      | Noticed a giant frog
  1633 | D:8      | Killed a giant frog
  1633 | D:8      | Reached skill level 9 in Stealth
  1633 | D:8      | Reached XP level 4. HP: 22/22 MP: 5/5
  1654 | D:7      | Noticed an orc warrior
  1665 | D:7      | Noticed a giant frog
  1676 | D:7      | Noticed a giant frog
  1833 | D:9      | Noticed an orc warrior
  1838 | D:9      | Noticed a steam dragon
  1968 | D:8      | Noticed Psyche
  1994 | D:8      | Noticed a giant frog
  2058 | D:10     | Entered Level 10 of the Dungeon
  2067 | D:10     | Noticed Snorg
  2081 | D:10     | Found a blossoming altar of Fedhas.
  2084 | D:10     | Noticed a centaur
  2360 | D:10     | Noticed a hill giant
  2391 | D:10     | Noticed an ogre
  2398 | D:10     | Noticed a hill giant
  2641 | D:10     | Noticed a hippogriff
  2711 | D:11     | Noticed an ice beast
  2711 | D:11     | Noticed an ice beast
  2859 | D:11     | Noticed a two-headed ogre
  2859 | D:11     | Noticed an ogre
  2952 | D:11     | Noticed an ice beast
  2952 | D:11     | Noticed a hippogriff
  2966 | D:11     | Found a frozen archway.
  3032 | D:9      | Noticed a yak
  3032 | D:9      | Noticed a yak
  3032 | D:9      | Noticed a yak
  3032 | D:9      | Noticed a yak
  3035 | D:9      | Noticed a giant frog
  3042 | D:9      | Slain by a giant frog

Vault maps used:
D:1:      elethiomel_arrival_shortcut, st_stairs_12, serial_bayou_pond_c
D:2:      tso_metal_star, uniq_terence, uniq_sigmund, uniq_natasha
D:3:      lemuel_round_altar
D:4:      kennysheep_little_box, minitemple, uniq_crazy_yiuf_cottage,
          uniq_menkaure
D:5:      marbit_many_paths, overflow_temple_1_default, temple_statues,
          first_bread, uniq_prince_ribbit1
D:6:      serial_shops, nicolae_shop_trees, minmay_misc_feat_ornament
D:8:      erik_lair_orcish_takeover, grunt_pizzeria,
          nicolae_ru_sacrificial_ziggurat, uniq_psyche
D:9:      lemuel_flamethrower_1, uniq_joseph
D:10:     erik_orc_2, minivault_24, fedhas_bush_and_centaur_altar, uniq_snorg
D:11:     portal_ice_cave_entry_imps, nicolae_gozag_seed_capital

Skill      XL: |  1  2  3 |
---------------+----------+-----
Stealth        | 6 7 9 |  9.1
Fighting       | |  1.5
Short Blades   | |  2.1
Throwing       | |  2.0
Dodging        | |  1.5

Action                   |  1- 3 |  4- 6 || total
-------------------------+-------+-------++-------
Melee: Dagger            |    79 |    18 ||    97
Evoke: Wand              |     1 |    13 ||    14
  Use: Scroll            |     2 |    11 ||    13
 Stab: Sleeping          |     9 |       ||     9
